[ AOE2 MATCH · #473343891 ]
UnrankedGurjaras vs Poles
[ REPLAY ANALYSIS · EXTRACTED FROM THE RECORDED GAME ]
Feudal
12:11
Castle
15:57
Imperial
29:44
| APM avg | 27.9 |
| APM peak | 90 |
| eAPM avg | 20.9 |
| Villagers / military | 171 / 2584 |
Focus
⚔️ 48.0% · 🌾 52.0%
Scout Cavalry ×1273 · Shrivamsha Rider ×774 · Camel Scout ×340 · Elephant Archer ×119 · Armored Elephant ×51 · Trade Cart ×40
Feudal
11:20
Castle
14:50
Imperial
27:31
| APM avg | 46.0 |
| APM peak | 90 |
| eAPM avg | 30.8 |
| Villagers / military | 237 / 1229 |
Focus
⚔️ 59.8% · 🌾 40.2%
Scout Cavalry ×587 · Genoese Crossbowman ×198 · Archer ×167 · Skirmisher ×138 · Hand Cannoneer ×67 · Trade Cart ×53
Feudal
11:19
Castle
14:49
Imperial
26:48
| APM avg | 43.3 |
| APM peak | 91 |
| eAPM avg | 32.6 |
| Villagers / military | 219 / 2502 |
Focus
⚔️ 44.3% · 🌾 55.7%
Scout Cavalry ×1331 · Knight ×677 · Spearman ×251 · Obuch ×189 · Trade Cart ×56 · Bombard Cannon ×49
Feudal
10:32
Castle
14:02
Imperial
28:58
| APM avg | 36.8 |
| APM peak | 64 |
| eAPM avg | 29.8 |
| Villagers / military | 198 / 2451 |
Focus
⚔️ 57.3% · 🌾 42.7%
Spearman ×1189 · Skirmisher ×966 · Fire Lancer ×198 · Trade Cart ×37 · War Wagon ×32 · Bombard Cannon ×31
Feudal
10:39
Castle
14:15
Imperial
29:29
| APM avg | 39.8 |
| APM peak | 71 |
| eAPM avg | 21.4 |
| Villagers / military | 105 / 987 |
Focus
⚔️ 45.2% · 🌾 54.8%
Spearman ×511 · Archer ×401 · Bombard Cannon ×44 · Organ Gun ×10 · Trebuchet (Packed) ×9 · Mangonel ×7
Feudal
11:23
Castle
15:12
Imperial
24:53
| APM avg | 42.9 |
| APM peak | 76 |
| eAPM avg | 19.9 |
| Villagers / military | 128 / 1116 |
Focus
⚔️ 44.3% · 🌾 55.7%
Spearman ×916 · Organ Gun ×107 · Unknown (882) ×73 · Bombard Cannon ×39 · Mangonel ×32 · Battering Ram ×13
Feudal
10:56
Castle
14:40
Imperial
24:19
| APM avg | 50.3 |
| APM peak | 94 |
| eAPM avg | 33.6 |
| Villagers / military | 326 / 727 |
Focus
⚔️ 31.5% · 🌾 68.5%
Scout Cavalry ×554 · Trade Cart ×100 · Spearman ×42 · Missionary ×42 · Hand Cannoneer ×40 · Bombard Cannon ×26
Feudal
10:31
Castle
14:01
Imperial
28:38
| APM avg | 56.6 |
| APM peak | 104 |
| eAPM avg | 42.2 |
| Villagers / military | 290 / 1715 |
Focus
⚔️ 63.1% · 🌾 36.9%
Scout Cavalry ×1168 · Elephant Archer ×344 · Battle Elephant ×170 · Trade Cart ×114 · Trebuchet (Packed) ×24 · Militia ×5
Match map
Initial resources + every placement click. Lines = walls · curves = elevation contours. ◆ gold · ⬟ stone · ● berries · ✦ relic · ◌ wall gap
Your base· ✓ Closed at 15:57 · 0t walls · 3 gate(s)
Scogx's base· ✓ Closed at 14:50 · 0t walls · 2 gate(s)
Ace's base· ✓ Closed at 14:49 · 0t walls · 2 gate(s)
pienus23's base· ✓ Closed at 14:02 · 0t walls · 2 gate(s)
hanson013's base· ✓ Closed at 14:15 · 0t walls · 3 gate(s)
Didi's base· ✓ Closed at 15:12 · 0t walls · 3 gate(s)
Eddie29_1314's base· ✓ Closed at 14:40 · 0t walls · 2 gate(s)
Kevin10_7414's base· ✓ Closed at 14:01 · 0t walls · 3 gate(s)
Smoothed initial terrain · ◌ = detected wall gap · hover for details
Inputs per minute
— 口古口古嘎嘎 - - Scogx
Build order — 口古口古嘎嘎
First 150 of 1207 actions detected
| 0:01 | Create | Villager (Male) |
| 0:01 | Create | Villager (Male) |
| 0:01 | Create | Villager (Male) |
| 0:03 | Build | House |
| 0:05 | Build | House |
| 0:15 | Create | Villager (Male) |
| 0:15 | Create | Villager (Male) |
| 0:29 | Build | Mill |
| 1:31 | Create | Villager (Male) |
| 1:31 | Create | Villager (Male) |
| 1:49 | Create | Villager (Male) |
| 1:50 | Create | Villager (Male) |
| 2:14 | Create | Villager (Male) |
| 2:14 | Create | Villager (Male) |
| 2:41 | Create | Villager (Male) |
| 2:41 | Create | Villager (Male) |
| 2:41 | Create | Villager (Male) |
| 3:05 | Create | Villager (Male) |
| 3:25 | Build | House |
| 3:26 | Build | House |
| 3:27 | Build | House |
| 3:59 | Create | Villager (Male) |
| 3:59 | Create | Villager (Male) |
| 4:00 | Create | Villager (Male) |
| 4:38 | Create | Villager (Male) |
| 4:42 | Build | Lumber Camp |
| 5:11 | Create | Villager (Male) |
| 5:45 | Create | Villager (Male) |
| 6:20 | Build | Lumber Camp |
| 6:23 | Create | Villager (Male) |
| 6:23 | Create | Villager (Male) |
| 7:03 | Create | Villager (Male) |
| 7:04 | Create | Villager (Male) |
| 7:04 | Create | Villager (Male) |
| 7:04 | Create | Villager (Male) |
| 7:25 | Build | Farm |
| 7:33 | Build | Farm |
| 7:43 | Create | Villager (Male) |
| 7:44 | Create | Villager (Male) |
| 8:13 | Build | Farm |
| 8:17 | Build | Farm |
| 8:22 | Build | Farm |
| 8:48 | Build | Farm |
| 9:08 | Build | Farm |
| 9:15 | Build | Farm |
| 9:20 | Research | Feudal Age |
| 9:50 | Build | Mining Camp |
| 10:06 | Create | Villager (Male) |
| 10:06 | Create | Villager (Male) |
| 12:11 | Age | Feudal Age |
| 12:18 | Build | Market |
| 12:25 | Build | Blacksmith |
| 12:29 | Research | Double-Bit Axe |
| 12:30 | Research | Horse Collar |
| 13:10 | Build | Mining Camp |
| 13:14 | Build | House |
| 13:15 | Build | House |
| 13:17 | Research | Castle Age |
| 13:42 | Create | Villager (Male) |
| 14:10 | Create | Villager (Male) |
| 15:57 | Age | Castle Age |
| 16:07 | Build | Town Center |
| 16:22 | Build | Town Center |
| 16:31 | Build | Town Center |
| 16:37 | Create | Villager (Male) |
| 16:38 | Create | Villager (Male) |
| 16:43 | Research | Bow Saw |
| 16:56 | Create | Villager (Male) |
| 17:12 | Research | Heavy Plow |
| 17:34 | Create | Villager (Male) |
| 17:35 | Create | Villager (Male) |
| 17:37 | Create | Villager (Male) |
| 17:49 | Create | Villager (Male) |
| 17:49 | Create | Villager (Male) |
| 17:50 | Create | Villager (Male) |
| 17:50 | Create | Villager (Male) |
| 17:50 | Create | Villager (Male) |
| 17:51 | Create | Villager (Male) |
| 17:51 | Create | Villager (Male) |
| 18:01 | Build | House |
| 18:02 | Build | House |
| 18:03 | Build | House |
| 18:06 | Create | Villager (Male) |
| 18:06 | Create | Villager (Male) |
| 18:17 | Create | Villager (Male) |
| 18:17 | Create | Villager (Male) |
| 18:18 | Create | Villager (Male) |
| 18:18 | Create | Villager (Male) |
| 18:18 | Create | Villager (Male) |
| 18:22 | Build | Farm |
| 18:24 | Build | Farm |
| 18:35 | Build | Farm |
| 18:38 | Build | Farm |
| 19:04 | Create | Villager (Male) |
| 19:08 | Build | House |
| 19:09 | Build | House |
| 19:12 | Create | Villager (Male) |
| 19:17 | Build | Farm |
| 19:19 | Build | Farm |
| 19:21 | Build | Farm |
| 19:27 | Create | Villager (Male) |
| 19:28 | Create | Villager (Male) |
| 19:31 | Build | Farm |
| 19:33 | Create | Villager (Male) |
| 19:36 | Build | Farm |
| 19:39 | Build | Farm |
| 19:40 | Build | Farm |
| 19:41 | Build | Farm |
| 19:45 | Create | Villager (Male) |
| 19:45 | Create | Villager (Male) |
| 19:46 | Create | Villager (Male) |
| 19:56 | Create | Villager (Male) |
| 19:57 | Create | Villager (Male) |
| 20:00 | Build | Farm |
| 20:07 | Create | Villager (Male) |
| 20:08 | Create | Villager (Male) |
| 20:15 | Build | Farm |
| 20:17 | Create | Villager (Male) |
| 20:26 | Create | Villager (Male) |
| 20:26 | Create | Villager (Male) |
| 20:33 | Build | House |
| 20:36 | Build | House |
| 20:37 | Build | House |
| 20:48 | Build | Town Center |
| 20:52 | Research | Wheelbarrow |
| 21:04 | Build | Farm |
| 21:05 | Create | Villager (Male) |
| 21:06 | Create | Villager (Male) |
| 21:11 | Build | House |
| 21:12 | Build | House |
| 21:13 | Build | House |
| 21:22 | Create | Villager (Male) |
| 21:22 | Create | Villager (Male) |
| 21:26 | Create | Villager (Male) |
| 21:27 | Create | Villager (Male) |
| 21:31 | Build | Farm |
| 21:33 | Build | Farm |
| 21:38 | Build | Farm |
| 21:40 | Build | Farm |
| 21:41 | Build | Farm |
| 21:43 | Build | Farm |
| 21:44 | Build | Farm |
| 21:47 | Create | Villager (Male) |
| 21:47 | Create | Villager (Male) |
| 21:48 | Create | Villager (Male) |
| 21:52 | Build | Farm |
| 21:54 | Build | Farm |
| 21:55 | Build | Farm |
| 21:57 | Build | Farm |
| 21:58 | Build | Farm |
Build order — Scogx
First 150 of 1894 actions detected
| 0:01 | Create | Villager (Male) |
| 0:01 | Create | Villager (Male) |
| 0:01 | Create | Villager (Male) |
| 0:02 | Build | House |
| 0:04 | Build | House |
| 0:25 | Create | Villager (Male) |
| 0:26 | Create | Villager (Male) |
| 1:13 | Create | Villager (Male) |
| 1:13 | Create | Villager (Male) |
| 1:55 | Create | Villager (Male) |
| 1:55 | Create | Villager (Male) |
| 1:57 | Build | Lumber Camp |
| 2:13 | Create | Villager (Male) |
| 2:37 | Create | Villager (Male) |
| 2:38 | Create | Villager (Male) |
| 3:11 | Create | Villager (Male) |
| 3:11 | Create | Villager (Male) |
| 3:44 | Create | Villager (Male) |
| 4:00 | Build | House |
| 4:09 | Research | Loom |
| 4:22 | Create | Villager (Male) |
| 4:41 | Build | House |
| 4:47 | Create | Villager (Male) |
| 4:59 | Create | Villager (Male) |
| 4:59 | Create | Villager (Male) |
| 5:01 | Build | Mill |
| 5:07 | Build | House |
| 5:38 | Create | Villager (Male) |
| 5:38 | Create | Villager (Male) |
| 6:18 | Create | Villager (Male) |
| 6:25 | Create | Villager (Male) |
| 6:42 | Create | Villager (Male) |
| 7:08 | Create | Villager (Male) |
| 7:19 | Create | Villager (Male) |
| 7:59 | Build | Farm |
| 8:01 | Build | Farm |
| 8:09 | Create | Villager (Male) |
| 8:21 | Build | Mining Camp |
| 8:48 | Create | Villager (Male) |
| 9:10 | Research | Feudal Age |
| 9:25 | Build | Farm |
| 9:51 | Create | Villager (Male) |
| 10:48 | Create | Villager (Male) |
| 10:54 | Build | House |
| 11:20 | Age | Feudal Age |
| 11:21 | Build | Market |
| 11:25 | Build | Blacksmith |
| 11:42 | Research | Double-Bit Axe |
| 12:09 | Research | Castle Age |
| 12:36 | Research | Horse Collar |
| 12:59 | Create | Villager (Male) |
| 13:24 | Create | Villager (Male) |
| 13:38 | Build | Farm |
| 13:55 | Build | Farm |
| 14:17 | Build | Farm |
| 14:44 | Create | Villager (Male) |
| 14:48 | Research | Gold Mining |
| 14:50 | Age | Castle Age |
| 14:56 | Create | Villager (Male) |
| 15:01 | Build | Siege Workshop |
| 15:14 | Create | Villager (Male) |
| 15:30 | Create | Mangonel |
| 15:44 | Build | Town Center |
| 15:45 | Research | Bow Saw |
| 15:51 | Create | Villager (Male) |
| 16:05 | Build | Stone Wall |
| 16:06 | Create | Villager (Male) |
| 16:07 | Create | Villager (Male) |
| 16:16 | Build | Stone Wall |
| 16:17 | Create | Mangonel |
| 16:32 | Build | Stone Wall |
| 16:38 | Create | Villager (Male) |
| 16:52 | Build | Stone Wall |
| 17:00 | Build | Farm |
| 17:05 | Research | Wheelbarrow |
| 17:23 | Create | Villager (Male) |
| 17:26 | Build | Farm |
| 17:30 | Build | Farm |
| 17:39 | Build | House |
| 17:51 | Build | Farm |
| 17:54 | Create | Villager (Male) |
| 18:08 | Build | House |
| 18:09 | Create | Villager (Male) |
| 18:11 | Build | House |
| 18:30 | Create | Villager (Male) |
| 18:30 | Create | Villager (Male) |
| 18:34 | Build | Farm |
| 18:40 | Build | House |
| 18:41 | Create | Villager (Male) |
| 18:44 | Create | Villager (Male) |
| 18:44 | Create | Villager (Male) |
| 19:04 | Build | Stone Wall |
| 19:10 | Create | Villager (Male) |
| 19:10 | Create | Villager (Male) |
| 19:37 | Create | Villager (Male) |
| 19:40 | Create | Villager (Male) |
| 19:45 | Build | Farm |
| 19:47 | Build | Farm |
| 19:49 | Create | Mangonel |
| 20:02 | Create | Villager (Male) |
| 20:16 | Create | Villager (Male) |
| 20:22 | Create | Villager (Male) |
| 20:32 | Build | Outpost |
| 20:33 | Research | Town Watch |
| 20:44 | Build | Stone Wall |
| 20:53 | Create | Villager (Male) |
| 20:59 | Build | Mill |
| 21:00 | Build | Farm |
| 21:18 | Build | Stone Wall |
| 21:20 | Create | Villager (Male) |
| 21:20 | Create | Villager (Male) |
| 21:25 | Build | Farm |
| 21:26 | Build | Farm |
| 22:02 | Create | Villager (Male) |
| 22:03 | Create | Villager (Male) |
| 22:04 | Create | Villager (Male) |
| 22:07 | Build | Farm |
| 22:11 | Create | Villager (Male) |
| 22:11 | Create | Villager (Male) |
| 22:17 | Build | Farm |
| 22:18 | Build | Farm |
| 22:18 | Build | Farm |
| 22:20 | Build | Farm |
| 22:21 | Build | Farm |
| 22:32 | Create | Villager (Male) |
| 22:58 | Build | Castle |
| 23:15 | Build | House |
| 23:53 | Create | Villager (Male) |
| 24:01 | Build | Mining Camp |
| 24:21 | Research | Imperial Age |
| 24:26 | Build | Stone Wall |
| 24:35 | Create | Genoese Crossbowman |
| 24:36 | Create | Genoese Crossbowman |
| 24:46 | Create | Villager (Male) |
| 24:46 | Create | Villager (Male) |
| 25:00 | Build | Lumber Camp |
| 25:10 | Build | University |
| 25:20 | Create | Genoese Crossbowman |
| 25:21 | Create | Genoese Crossbowman |
| 25:29 | Build | Stone Wall |
| 25:37 | Create | Villager (Male) |
| 25:37 | Create | Villager (Male) |
| 26:23 | Create | Villager (Male) |
| 26:33 | Create | Villager (Male) |
| 26:40 | Create | Villager (Male) |
| 26:44 | Build | House |
| 26:45 | Create | Genoese Crossbowman |
| 26:46 | Create | Genoese Crossbowman |
| 26:48 | Research | Fletching |
| 27:13 | Research | Masonry |
Build order — Ace
First 150 of 1397 actions detected
| 0:00 | Create | Villager (Male) |
| 0:01 | Create | Villager (Male) |
| 0:03 | Build | House |
| 0:05 | Build | House |
| 0:13 | Create | Villager (Male) |
| 0:42 | Create | Villager (Male) |
| 0:42 | Create | Villager (Male) |
| 1:27 | Build | Lumber Camp |
| 1:38 | Create | Villager (Male) |
| 1:39 | Create | Villager (Male) |
| 1:52 | Create | Villager (Male) |
| 1:52 | Create | Villager (Male) |
| 2:22 | Create | Villager (Male) |
| 2:22 | Create | Villager (Male) |
| 3:18 | Create | Villager (Male) |
| 3:18 | Create | Villager (Male) |
| 3:52 | Build | House |
| 3:53 | Build | House |
| 3:55 | Build | House |
| 4:04 | Create | Villager (Male) |
| 4:05 | Create | Villager (Male) |
| 4:21 | Create | Villager (Male) |
| 4:21 | Create | Villager (Male) |
| 5:06 | Build | Mill |
| 5:13 | Build | Mill |
| 5:19 | Create | Villager (Male) |
| 5:20 | Create | Villager (Male) |
| 5:33 | Create | Villager (Male) |
| 5:33 | Create | Villager (Male) |
| 6:17 | Create | Villager (Male) |
| 6:27 | Create | Villager (Male) |
| 6:59 | Create | Villager (Male) |
| 8:07 | Build | Mining Camp |
| 8:08 | Create | Villager (Male) |
| 8:15 | Build | Farm |
| 8:20 | Build | Farm |
| 8:23 | Build | Farm |
| 8:27 | Research | Feudal Age |
| 8:29 | Create | Villager (Male) |
| 8:38 | Research | Feudal Age |
| 10:23 | Build | Farm |
| 10:41 | Create | Villager (Male) |
| 10:41 | Create | Villager (Male) |
| 11:19 | Age | Feudal Age |
| 11:20 | Build | Market |
| 11:23 | Build | Blacksmith |
| 11:31 | Build | House |
| 11:32 | Build | House |
| 11:48 | Create | Villager (Male) |
| 11:56 | Research | Double-Bit Axe |
| 12:06 | Research | Castle Age |
| 12:06 | Research | Castle Age |
| 12:18 | Research | Horse Collar |
| 13:49 | Create | Villager (Male) |
| 13:49 | Create | Villager (Male) |
| 14:49 | Age | Castle Age |
| 14:52 | Build | Town Center |
| 14:54 | Build | Town Center |
| 14:56 | Research | Bow Saw |
| 15:16 | Create | Villager (Male) |
| 15:25 | Research | Heavy Plow |
| 15:28 | Build | Monastery |
| 15:55 | Create | Villager (Male) |
| 15:59 | Build | Farm |
| 16:02 | Build | Farm |
| 16:05 | Build | Farm |
| 16:10 | Build | Mill |
| 16:14 | Create | Villager (Male) |
| 16:14 | Create | Villager (Male) |
| 16:15 | Create | Villager (Male) |
| 16:19 | Create | Monk |
| 16:34 | Create | Villager (Male) |
| 16:34 | Create | Villager (Male) |
| 16:35 | Create | Villager (Male) |
| 16:35 | Create | Villager (Male) |
| 16:42 | Build | Farm |
| 16:42 | Build | Farm |
| 16:42 | Build | Farm |
| 16:43 | Build | Farm |
| 16:43 | Build | Farm |
| 16:47 | Create | Villager (Male) |
| 16:47 | Create | Villager (Male) |
| 16:54 | Build | Farm |
| 16:54 | Build | Farm |
| 16:54 | Build | Farm |
| 16:55 | Build | Farm |
| 16:55 | Build | Farm |
| 17:13 | Create | Monk |
| 17:16 | Create | Villager (Male) |
| 17:16 | Create | Villager (Male) |
| 17:38 | Create | Villager (Male) |
| 17:39 | Create | Villager (Male) |
| 17:39 | Create | Villager (Male) |
| 17:41 | Build | Farm |
| 17:41 | Build | Farm |
| 17:41 | Build | Farm |
| 17:44 | Build | Farm |
| 17:45 | Create | Villager (Male) |
| 17:45 | Create | Villager (Male) |
| 17:47 | Build | Farm |
| 17:47 | Build | Farm |
| 17:49 | Build | Farm |
| 17:52 | Create | Villager (Male) |
| 17:53 | Create | Villager (Male) |
| 18:03 | Build | House |
| 18:05 | Build | House |
| 18:06 | Build | House |
| 18:07 | Build | House |
| 18:08 | Create | Villager (Male) |
| 18:09 | Create | Villager (Male) |
| 18:15 | Build | Mill |
| 18:22 | Create | Villager (Male) |
| 18:22 | Create | Villager (Male) |
| 18:26 | Create | Villager (Male) |
| 18:30 | Build | Farm |
| 18:31 | Build | Farm |
| 18:31 | Build | Farm |
| 18:31 | Build | Farm |
| 18:31 | Build | Farm |
| 18:32 | Build | Farm |
| 18:37 | Create | Villager (Male) |
| 18:45 | Research | Wheelbarrow |
| 18:49 | Build | Farm |
| 18:49 | Build | Farm |
| 18:49 | Build | Farm |
| 18:50 | Build | Farm |
| 18:50 | Build | Farm |
| 18:50 | Build | Farm |
| 18:50 | Build | Farm |
| 18:51 | Build | Farm |
| 18:51 | Build | Farm |
| 18:51 | Build | Farm |
| 18:52 | Build | Farm |
| 18:52 | Build | Farm |
| 18:52 | Build | Farm |
| 18:52 | Build | Farm |
| 18:53 | Build | Farm |
| 18:53 | Build | Farm |
| 18:53 | Build | Farm |
| 18:54 | Build | Farm |
| 18:54 | Build | Farm |
| 18:54 | Build | Farm |
| 18:55 | Build | Farm |
| 18:55 | Build | Farm |
| 18:55 | Build | Farm |
| 18:55 | Build | Farm |
| 18:56 | Build | Farm |
| 18:56 | Build | Farm |
| 18:57 | Build | Farm |
| 18:57 | Build | Farm |
Build order — pienus23
First 150 of 1316 actions detected
| 0:02 | Create | Villager (Male) |
| 0:02 | Create | Villager (Male) |
| 0:03 | Build | House |
| 0:04 | Build | House |
| 0:05 | Create | Villager (Male) |
| 0:13 | Create | Villager (Male) |
| 0:13 | Create | Villager (Male) |
| 1:29 | Create | Villager (Male) |
| 1:29 | Create | Villager (Male) |
| 1:29 | Create | Villager (Male) |
| 1:47 | Build | Lumber Camp |
| 1:57 | Create | Villager (Male) |
| 1:57 | Create | Villager (Male) |
| 2:25 | Create | Villager (Male) |
| 2:53 | Create | Villager (Male) |
| 2:53 | Create | Villager (Male) |
| 2:53 | Create | Villager (Male) |
| 3:06 | Create | Villager (Male) |
| 3:07 | Create | Villager (Male) |
| 3:30 | Build | House |
| 3:42 | Create | Villager (Male) |
| 3:56 | Build | Mill |
| 4:07 | Create | Villager (Male) |
| 4:07 | Create | Villager (Male) |
| 4:31 | Create | Villager (Male) |
| 4:31 | Create | Villager (Male) |
| 4:42 | Create | Villager (Male) |
| 4:47 | Build | Farm |
| 5:06 | Create | Villager (Male) |
| 5:18 | Build | House |
| 5:34 | Build | Farm |
| 5:37 | Create | Villager (Male) |
| 5:44 | Create | Villager (Male) |
| 5:58 | Create | Villager (Male) |
| 6:09 | Create | Villager (Male) |
| 7:40 | Create | Villager (Male) |
| 8:03 | Build | Mining Camp |
| 8:05 | Build | Mining Camp |
| 8:22 | Research | Feudal Age |
| 8:59 | Build | House |
| 9:01 | Build | House |
| 9:41 | Create | Villager (Male) |
| 9:42 | Create | Villager (Male) |
| 10:32 | Age | Feudal Age |
| 10:34 | Build | Market |
| 10:36 | Build | Blacksmith |
| 11:20 | Research | Castle Age |
| 11:21 | Research | Castle Age |
| 11:21 | Research | Castle Age |
| 11:23 | Research | Double-Bit Axe |
| 12:03 | Research | Horse Collar |
| 12:17 | Build | Farm |
| 12:19 | Build | Farm |
| 12:27 | Build | Farm |
| 12:39 | Build | Farm |
| 13:01 | Build | Farm |
| 14:02 | Age | Castle Age |
| 14:05 | Create | Villager (Male) |
| 14:06 | Research | Bow Saw |
| 14:16 | Build | Town Center |
| 14:29 | Create | Villager (Male) |
| 14:32 | Research | Heavy Plow |
| 14:42 | Create | Villager (Male) |
| 14:55 | Create | Villager (Male) |
| 15:06 | Build | Town Center |
| 15:10 | Create | Villager (Male) |
| 15:23 | Build | Farm |
| 15:28 | Build | Farm |
| 15:46 | Build | Farm |
| 15:51 | Build | House |
| 15:52 | Create | Villager (Male) |
| 15:52 | Create | Villager (Male) |
| 16:10 | Create | Villager (Male) |
| 16:10 | Create | Villager (Male) |
| 16:10 | Create | Villager (Male) |
| 16:14 | Build | Farm |
| 16:16 | Build | Farm |
| 16:18 | Build | House |
| 16:25 | Research | Loom |
| 16:32 | Create | Villager (Male) |
| 16:33 | Create | Villager (Male) |
| 16:33 | Create | Villager (Male) |
| 16:36 | Build | Farm |
| 16:38 | Build | Farm |
| 16:42 | Create | Villager (Male) |
| 16:53 | Build | Farm |
| 16:59 | Build | Farm |
| 17:03 | Build | Farm |
| 17:07 | Create | Villager (Male) |
| 17:07 | Create | Villager (Male) |
| 17:08 | Create | Villager (Male) |
| 17:13 | Create | Villager (Male) |
| 17:13 | Create | Villager (Male) |
| 17:13 | Create | Villager (Male) |
| 17:20 | Build | Farm |
| 17:26 | Create | Villager (Male) |
| 17:26 | Create | Villager (Male) |
| 17:30 | Build | Farm |
| 17:39 | Create | Villager (Male) |
| 17:39 | Create | Villager (Male) |
| 17:40 | Create | Villager (Male) |
| 17:42 | Build | Farm |
| 17:48 | Build | Farm |
| 17:51 | Create | Villager (Male) |
| 17:51 | Create | Villager (Male) |
| 17:53 | Create | Villager (Male) |
| 17:53 | Create | Villager (Male) |
| 18:03 | Create | Villager (Male) |
| 18:11 | Build | Farm |
| 18:12 | Build | Farm |
| 18:13 | Create | Villager (Male) |
| 18:17 | Create | Villager (Male) |
| 18:17 | Create | Villager (Male) |
| 18:18 | Create | Villager (Male) |
| 18:20 | Build | Farm |
| 18:22 | Build | Farm |
| 18:26 | Create | Villager (Male) |
| 18:39 | Create | Villager (Male) |
| 18:39 | Create | Villager (Male) |
| 18:39 | Create | Villager (Male) |
| 18:40 | Build | Farm |
| 18:41 | Create | Villager (Male) |
| 18:53 | Create | Villager (Male) |
| 18:53 | Create | Villager (Male) |
| 18:53 | Create | Villager (Male) |
| 19:06 | Create | Villager (Male) |
| 19:06 | Create | Villager (Male) |
| 19:10 | Build | House |
| 19:11 | Build | House |
| 19:12 | Build | House |
| 19:24 | Research | Wheelbarrow |
| 19:34 | Build | House |
| 19:35 | Build | House |
| 19:44 | Create | Villager (Male) |
| 19:44 | Create | Villager (Male) |
| 19:44 | Create | Villager (Male) |
| 19:45 | Create | Villager (Male) |
| 19:49 | Build | Farm |
| 19:49 | Build | Farm |
| 19:49 | Build | Farm |
| 19:49 | Build | Farm |
| 20:01 | Create | Villager (Male) |
| 20:01 | Create | Villager (Male) |
| 20:20 | Create | Villager (Male) |
| 20:33 | Build | Town Center |
| 20:36 | Create | Villager (Male) |
| 20:36 | Create | Villager (Male) |
| 20:37 | Create | Villager (Male) |
| 20:45 | Create | Villager (Male) |
| 20:49 | Build | Farm |
Build order — hanson013
First 150 of 586 actions detected
| 0:02 | Create | Villager (Male) |
| 0:03 | Build | House |
| 0:06 | Create | Villager (Male) |
| 0:07 | Build | House |
| 0:11 | Create | Villager (Male) |
| 0:11 | Create | Villager (Male) |
| 0:11 | Create | Villager (Male) |
| 0:12 | Create | Villager (Male) |
| 1:39 | Create | Villager (Male) |
| 1:40 | Create | Villager (Male) |
| 1:55 | Build | Lumber Camp |
| 2:04 | Create | Villager (Male) |
| 2:04 | Create | Villager (Male) |
| 2:08 | Create | Villager (Male) |
| 2:08 | Create | Villager (Male) |
| 3:04 | Create | Villager (Male) |
| 3:07 | Create | Villager (Male) |
| 3:08 | Create | Villager (Male) |
| 3:33 | Build | House |
| 3:34 | Build | House |
| 3:40 | Create | Villager (Male) |
| 3:40 | Create | Villager (Male) |
| 4:08 | Create | Villager (Male) |
| 4:08 | Create | Villager (Male) |
| 4:09 | Create | Villager (Male) |
| 4:14 | Build | House |
| 4:16 | Build | House |
| 4:35 | Create | Villager (Male) |
| 4:56 | Build | Mill |
| 5:13 | Create | Villager (Male) |
| 5:13 | Create | Villager (Male) |
| 5:46 | Create | Villager (Male) |
| 5:46 | Create | Villager (Male) |
| 6:12 | Create | Villager (Male) |
| 6:12 | Create | Villager (Male) |
| 6:14 | Create | Villager (Male) |
| 6:14 | Create | Villager (Male) |
| 7:30 | Create | Villager (Male) |
| 8:13 | Build | Mining Camp |
| 8:21 | Research | Feudal Age |
| 8:27 | Build | Farm |
| 8:28 | Build | Farm |
| 9:35 | Create | Villager (Male) |
| 10:32 | Build | Mining Camp |
| 10:39 | Age | Feudal Age |
| 10:45 | Build | Market |
| 10:47 | Build | Blacksmith |
| 11:10 | Create | Villager (Male) |
| 11:35 | Research | Castle Age |
| 11:35 | Research | Castle Age |
| 12:05 | Research | Double-Bit Axe |
| 13:05 | Research | Loom |
| 14:15 | Age | Castle Age |
| 14:19 | Create | Villager (Male) |
| 14:19 | Create | Villager (Male) |
| 15:05 | Build | Castle |
| 15:19 | Build | Castle |
| 15:31 | Create | Villager (Male) |
| 15:34 | Build | Lumber Camp |
| 15:56 | Build | Palisade Gate |
| 16:04 | Build | Palisade Wall |
| 16:06 | Build | Palisade Wall |
| 16:07 | Build | Palisade Wall |
| 16:11 | Create | Villager (Male) |
| 16:12 | Create | Villager (Male) |
| 16:35 | Build | Mining Camp |
| 16:35 | Create | Villager (Male) |
| 16:36 | Create | Villager (Male) |
| 16:39 | Build | Farm |
| 16:42 | Research | Bow Saw |
| 16:43 | Research | Bow Saw |
| 16:43 | Create | Organ Gun |
| 16:44 | Create | Organ Gun |
| 16:44 | Create | Organ Gun |
| 16:44 | Create | Organ Gun |
| 16:57 | Build | Siege Workshop |
| 17:13 | Create | Organ Gun |
| 17:13 | Create | Organ Gun |
| 17:14 | Create | Organ Gun |
| 17:24 | Create | Petard |
| 17:34 | Build | Farm |
| 17:35 | Build | Farm |
| 17:38 | Build | Farm |
| 18:05 | Create | Mangonel |
| 18:05 | Create | Mangonel |
| 18:17 | Create | Villager (Male) |
| 18:18 | Create | Villager (Male) |
| 18:18 | Create | Villager (Male) |
| 18:48 | Create | Petard |
| 19:25 | Create | Organ Gun |
| 19:36 | Create | Mangonel |
| 19:39 | Create | Petard |
| 20:21 | Create | Mangonel |
| 20:25 | Create | Villager (Male) |
| 20:30 | Build | Farm |
| 20:40 | Research | Fletching |
| 20:41 | Research | Fletching |
| 20:41 | Research | Fletching |
| 21:04 | Build | Farm |
| 21:11 | Build | Farm |
| 21:11 | Create | Villager (Male) |
| 21:24 | Create | Mangonel |
| 22:01 | Create | Villager (Male) |
| 22:19 | Create | Villager (Male) |
| 22:30 | Build | Outpost |
| 22:47 | Create | Petard |
| 22:47 | Create | Organ Gun |
| 22:51 | Create | Organ Gun |
| 22:53 | Create | Mangonel |
| 23:46 | Create | Villager (Male) |
| 24:18 | Build | Farm |
| 26:19 | Research | Imperial Age |
| 26:20 | Research | Imperial Age |
| 26:55 | Create | Mangonel |
| 27:16 | Create | Villager (Male) |
| 29:23 | Build | University |
| 29:29 | Age | Imperial Age |
| 29:34 | Create | Trebuchet (Packed) |
| 29:35 | Create | Trebuchet (Packed) |
| 30:07 | Build | House |
| 30:09 | Build | House |
| 30:12 | Build | House |
| 30:13 | Build | House |
| 30:15 | Research | Fortified Wall (upgrade) |
| 30:29 | Build | House |
| 30:29 | Build | House |
| 30:29 | Build | House |
| 30:30 | Build | House |
| 30:30 | Build | House |
| 30:43 | Build | Feitoria |
| 31:13 | Build | Stone Wall |
| 31:58 | Build | Stone Wall |
| 32:01 | Research | Stone Mining |
| 32:05 | Build | Stone Wall |
| 32:07 | Build | Stone Wall |
| 32:16 | Build | Stone Wall |
| 32:40 | Build | Stone Wall |
| 32:50 | Build | House |
| 32:50 | Build | House |
| 33:10 | Build | Feitoria |
| 33:29 | Build | House |
| 33:30 | Build | House |
| 34:03 | Build | House |
| 34:03 | Build | House |
| 34:10 | Build | House |
| 34:11 | Build | House |
| 34:13 | Build | House |
| 34:15 | Build | House |
| 34:32 | Build | Barracks |
| 34:40 | Build | House |
Build order — Didi
First 150 of 706 actions detected
| 0:01 | Create | Villager (Male) ×4 |
| 0:02 | Create | Villager (Male) ×4 |
| 0:02 | Build | House |
| 0:04 | Build | House |
| 1:25 | Create | Villager (Male) |
| 1:53 | Create | Villager (Male) |
| 1:53 | Create | Villager (Male) |
| 2:10 | Build | Lumber Camp |
| 2:18 | Create | Villager (Male) |
| 2:19 | Create | Villager (Male) |
| 2:34 | Create | Villager (Male) |
| 2:35 | Create | Villager (Male) |
| 2:57 | Create | Villager (Male) |
| 2:57 | Create | Villager (Male) |
| 3:34 | Create | Villager (Male) |
| 3:34 | Create | Villager (Male) |
| 3:51 | Build | House |
| 3:56 | Create | Villager (Male) |
| 3:56 | Create | Villager (Male) |
| 4:18 | Build | Mill |
| 4:37 | Create | Villager (Male) |
| 4:37 | Create | Villager (Male) |
| 5:01 | Create | Villager (Male) |
| 5:01 | Create | Villager (Male) |
| 5:36 | Create | Villager (Male) |
| 5:37 | Build | Mining Camp |
| 5:49 | Create | Villager (Male) |
| 5:56 | Build | House |
| 6:07 | Create | Villager (Male) |
| 6:40 | Create | Villager (Male) |
| 6:54 | Create | Villager (Male) |
| 7:20 | Build | House |
| 7:31 | Create | Villager (Male) |
| 8:22 | Create | Villager (Male) |
| 8:24 | Build | Mining Camp |
| 9:08 | Research | Loom |
| 9:13 | Research | Feudal Age |
| 9:13 | Research | Feudal Age |
| 9:13 | Research | Loom |
| 9:17 | Build | Farm |
| 9:18 | Build | Farm |
| 9:21 | Build | Farm |
| 10:43 | Build | House |
| 11:23 | Age | Feudal Age |
| 11:30 | Build | Blacksmith |
| 11:34 | Build | Market |
| 11:50 | Build | Blacksmith |
| 12:32 | Research | Castle Age |
| 12:33 | Research | Castle Age |
| 12:42 | Research | Double-Bit Axe |
| 13:13 | Research | Gold Mining |
| 15:05 | Create | Villager (Male) |
| 15:12 | Age | Castle Age |
| 15:28 | Build | Castle |
| 15:30 | Create | Villager (Male) |
| 15:36 | Research | Bow Saw |
| 16:00 | Create | Villager (Male) |
| 16:16 | Build | House |
| 16:38 | Build | Mining Camp |
| 16:43 | Build | Lumber Camp |
| 16:45 | Create | Villager (Male) |
| 16:46 | Create | Villager (Male) |
| 17:04 | Build | Monastery |
| 17:05 | Create | Organ Gun |
| 17:05 | Create | Organ Gun |
| 17:08 | Create | Villager (Male) |
| 17:27 | Build | Siege Workshop |
| 17:42 | Create | Organ Gun |
| 17:45 | Create | Monk |
| 17:49 | Create | Villager (Male) |
| 18:02 | Create | Organ Gun |
| 18:17 | Research | Stone Mining |
| 18:17 | Research | Stone Mining |
| 18:52 | Build | Farm |
| 19:28 | Create | Battering Ram |
| 19:38 | Build | Farm |
| 19:39 | Build | Farm |
| 19:55 | Create | Organ Gun |
| 21:29 | Create | Organ Gun |
| 21:43 | Research | Imperial Age |
| 21:43 | Research | Imperial Age |
| 21:53 | Create | Organ Gun |
| 22:09 | Create | Villager (Male) |
| 22:09 | Create | Villager (Male) |
| 22:09 | Create | Villager (Male) |
| 22:10 | Create | Villager (Male) |
| 22:12 | Build | Farm |
| 22:15 | Build | Farm |
| 22:23 | Create | Organ Gun |
| 22:23 | Create | Organ Gun |
| 22:33 | Create | Organ Gun |
| 23:00 | Create | Organ Gun |
| 23:10 | Create | Villager (Male) |
| 23:17 | Build | House |
| 23:19 | Build | House |
| 23:20 | Create | Battering Ram |
| 23:24 | Create | Organ Gun |
| 23:24 | Create | Organ Gun |
| 23:35 | Research | Fletching |
| 23:47 | Create | Villager (Male) |
| 23:56 | Create | Organ Gun |
| 24:07 | Create | Organ Gun |
| 24:53 | Age | Imperial Age |
| 24:53 | Create | Trebuchet (Packed) |
| 24:56 | Create | Mangonel |
| 25:06 | Create | Villager (Male) |
| 25:22 | Create | Trebuchet (Packed) |
| 25:36 | Build | Mining Camp |
| 25:49 | Create | Villager (Male) |
| 26:20 | Create | Villager (Male) |
| 26:29 | Create | Trebuchet (Packed) |
| 27:04 | Create | Mangonel |
| 27:24 | Create | Villager (Male) |
| 27:25 | Create | Villager (Male) |
| 27:29 | Build | House |
| 27:30 | Build | House |
| 27:30 | Build | House |
| 27:30 | Build | House |
| 29:42 | Create | Monk |
| 29:44 | Create | Villager (Male) |
| 29:45 | Create | Villager (Male) |
| 29:54 | Create | Villager (Male) |
| 29:59 | Build | Town Center |
| 30:06 | Build | Feitoria |
| 30:07 | Create | Villager (Male) |
| 30:10 | Build | Lumber Camp |
| 30:13 | Build | Town Center |
| 31:02 | Build | Mining Camp |
| 31:14 | Build | House |
| 31:15 | Build | House |
| 31:15 | Build | House |
| 31:16 | Build | House |
| 31:16 | Build | House |
| 31:17 | Build | House |
| 31:29 | Build | Monastery |
| 31:31 | Create | Villager (Male) |
| 31:35 | Research | Wheelbarrow |
| 31:35 | Research | Wheelbarrow |
| 31:50 | Build | House |
| 31:51 | Build | House |
| 31:59 | Create | Villager (Male) |
| 32:00 | Create | Villager (Male) |
| 32:15 | Create | Villager (Male) |
| 32:23 | Build | Feitoria |
| 32:28 | Build | House |
| 32:28 | Build | House |
| 32:29 | Build | House |
| 32:29 | Build | House |
| 32:29 | Build | House |
| 32:29 | Build | House |
Build order — Eddie29_1314
First 150 of 1100 actions detected
| 0:00 | Create | Villager (Male) |
| 0:01 | Create | Villager (Male) |
| 0:01 | Create | Villager (Male) |
| 0:02 | Build | House |
| 0:03 | Build | House |
| 0:10 | Create | Villager (Male) |
| 0:10 | Create | Villager (Male) |
| 1:18 | Create | Villager (Male) |
| 1:19 | Create | Villager (Male) |
| 1:51 | Create | Villager (Male) |
| 1:54 | Build | Lumber Camp |
| 2:21 | Create | Villager (Male) |
| 2:21 | Create | Villager (Male) |
| 2:39 | Create | Villager (Male) |
| 2:39 | Create | Villager (Male) |
| 3:05 | Create | Villager (Male) |
| 3:05 | Create | Villager (Male) |
| 3:27 | Build | House |
| 3:28 | Build | House |
| 3:29 | Build | House |
| 3:31 | Create | Villager (Male) |
| 3:32 | Create | Villager (Male) |
| 3:55 | Create | Villager (Male) |
| 3:56 | Create | Villager (Male) |
| 3:56 | Create | Villager (Male) |
| 4:32 | Build | Mill |
| 4:47 | Create | Villager (Male) |
| 4:47 | Create | Villager (Male) |
| 4:47 | Create | Villager (Male) |
| 5:09 | Create | Villager (Male) |
| 5:09 | Create | Villager (Male) |
| 5:53 | Create | Villager (Male) |
| 6:07 | Create | Villager (Male) |
| 6:22 | Build | Farm |
| 6:43 | Create | Villager (Male) |
| 6:47 | Build | Farm |
| 7:07 | Create | Villager (Male) |
| 7:39 | Build | Mining Camp |
| 7:41 | Build | Farm |
| 7:48 | Create | Villager (Male) |
| 8:09 | Create | Villager (Male) |
| 8:09 | Research | Feudal Age |
| 8:37 | Build | Mining Camp |
| 9:06 | Create | Villager (Male) |
| 9:06 | Create | Villager (Male) |
| 10:56 | Age | Feudal Age |
| 10:59 | Build | Blacksmith |
| 11:01 | Build | Market |
| 11:49 | Build | House |
| 12:00 | Research | Castle Age |
| 12:01 | Research | Castle Age |
| 12:34 | Research | Loom |
| 12:36 | Research | Double-Bit Axe |
| 12:36 | Research | Double-Bit Axe |
| 12:36 | Research | Double-Bit Axe |
| 12:40 | Build | Farm |
| 12:41 | Build | Farm |
| 13:36 | Create | Villager (Male) |
| 13:40 | Create | Villager (Male) |
| 14:40 | Age | Castle Age |
| 14:55 | Build | Castle |
| 14:56 | Create | Villager (Male) |
| 15:06 | Build | Siege Workshop |
| 15:07 | Create | Villager (Male) |
| 15:12 | Create | Villager (Male) |
| 15:14 | Create | Villager (Male) |
| 15:35 | Create | Villager (Male) |
| 15:36 | Research | Loom |
| 15:43 | Create | Mangonel |
| 16:06 | Create | Conquistador |
| 16:06 | Create | Conquistador |
| 16:19 | Build | Stone Wall |
| 16:33 | Create | Mangonel |
| 16:36 | Build | Farm |
| 16:41 | Build | House |
| 16:49 | Build | Farm |
| 16:55 | Build | Farm |
| 16:56 | Create | Villager (Male) |
| 17:14 | Build | Farm |
| 17:15 | Create | Villager (Male) |
| 17:27 | Create | Villager (Male) |
| 17:33 | Build | Farm |
| 17:44 | Build | Farm |
| 17:59 | Build | Farm |
| 18:31 | Build | House |
| 18:33 | Build | House |
| 18:48 | Build | Farm |
| 18:55 | Build | Stone Wall |
| 19:01 | Create | Villager (Male) |
| 19:21 | Create | Villager (Male) |
| 19:24 | Build | Farm |
| 19:31 | Build | Farm |
| 19:40 | Create | Villager (Male) |
| 19:52 | Build | Farm |
| 20:07 | Create | Villager (Male) |
| 20:21 | Create | Villager (Male) |
| 20:41 | Build | Mining Camp |
| 21:09 | Research | Imperial Age |
| 21:09 | Research | Imperial Age |
| 21:09 | Research | Imperial Age |
| 21:20 | Build | Lumber Camp |
| 22:00 | Build | Monastery |
| 22:08 | Create | Villager (Male) |
| 22:23 | Research | Gold Mining |
| 22:35 | Research | Sanctity |
| 22:37 | Create | Missionary |
| 22:45 | Build | Monastery |
| 23:18 | Build | University |
| 23:37 | Create | Missionary |
| 23:37 | Create | Missionary |
| 23:47 | Research | Redemption |
| 23:50 | Create | Missionary |
| 23:51 | Create | Missionary |
| 23:51 | Create | Missionary |
| 24:06 | Create | Villager (Male) |
| 24:19 | Age | Imperial Age |
| 24:22 | Create | Trebuchet (Packed) |
| 24:23 | Create | Trebuchet (Packed) |
| 24:29 | Create | Villager (Male) |
| 24:38 | Create | Trebuchet (Packed) |
| 24:52 | Build | Stone Wall |
| 25:00 | Create | Villager (Male) |
| 25:33 | Create | Trebuchet (Packed) |
| 25:37 | Create | Villager (Male) |
| 25:37 | Create | Villager (Male) |
| 25:38 | Create | Villager (Male) |
| 25:51 | Create | Trebuchet (Packed) |
| 26:11 | Create | Trebuchet (Packed) |
| 26:12 | Create | Villager (Male) |
| 26:23 | Create | Missionary |
| 26:38 | Create | Villager (Male) |
| 26:48 | Create | Trebuchet (Packed) |
| 26:50 | Create | Villager (Male) |
| 27:36 | Create | Missionary |
| 27:36 | Create | Missionary |
| 27:37 | Create | Missionary |
| 27:37 | Create | Missionary |
| 28:02 | Create | Villager (Male) |
| 28:06 | Create | Monk |
| 28:06 | Create | Monk |
| 29:05 | Create | Villager (Male) |
| 29:07 | Build | House |
| 29:08 | Build | House |
| 29:26 | Create | Mangonel |
| 29:27 | Create | Mangonel |
| 29:27 | Create | Mangonel |
| 29:36 | Create | Monk |
| 29:38 | Build | House |
| 29:39 | Build | House |
| 29:40 | Build | House |
Build order — Kevin10_7414
First 150 of 2166 actions detected
| 0:01 | Create | Villager (Male) |
| 0:01 | Create | Villager (Male) |
| 0:02 | Create | Villager (Male) |
| 0:02 | Create | Villager (Male) |
| 0:03 | Build | House |
| 0:04 | Build | House |
| 1:35 | Create | Villager (Male) |
| 1:35 | Create | Villager (Male) |
| 1:35 | Create | Villager (Male) |
| 1:54 | Build | Lumber Camp |
| 1:56 | Create | Villager (Male) |
| 1:57 | Create | Villager (Male) |
| 2:14 | Create | Villager (Male) |
| 2:14 | Create | Villager (Male) |
| 2:14 | Create | Villager (Male) |
| 2:31 | Create | Villager (Male) |
| 2:31 | Create | Villager (Male) |
| 2:31 | Create | Villager (Male) |
| 3:02 | Create | Villager (Male) |
| 3:03 | Create | Villager (Male) |
| 3:12 | Create | Villager (Male) |
| 3:12 | Create | Villager (Male) |
| 3:13 | Create | Villager (Male) |
| 3:29 | Create | Villager (Male) |
| 3:30 | Create | Villager (Male) |
| 3:48 | Build | House |
| 3:49 | Build | House |
| 3:54 | Create | Villager (Male) |
| 3:54 | Create | Villager (Male) |
| 4:37 | Create | Villager (Male) |
| 4:47 | Build | Mill |
| 4:49 | Create | Villager (Male) |
| 4:49 | Create | Villager (Male) |
| 5:35 | Create | Villager (Male) |
| 5:36 | Create | Villager (Male) |
| 6:01 | Create | Villager (Male) |
| 6:01 | Create | Villager (Male) |
| 6:07 | Create | Villager (Male) |
| 6:07 | Create | Villager (Male) |
| 6:24 | Build | Farm |
| 6:25 | Build | Farm |
| 6:30 | Create | Villager (Male) |
| 6:30 | Create | Villager (Male) |
| 6:52 | Create | Villager (Male) |
| 6:52 | Create | Villager (Male) |
| 6:53 | Create | Villager (Male) |
| 6:53 | Create | Villager (Male) |
| 7:10 | Create | Villager (Male) |
| 7:19 | Build | Farm |
| 7:27 | Create | Villager (Male) |
| 7:59 | Research | Feudal Age |
| 8:10 | Build | Mining Camp |
| 9:29 | Build | House |
| 10:06 | Create | Villager (Male) |
| 10:07 | Create | Villager (Male) |
| 10:31 | Age | Feudal Age |
| 10:33 | Build | Market |
| 10:34 | Build | Blacksmith |
| 11:20 | Research | Castle Age |
| 11:41 | Research | Double-Bit Axe |
| 12:01 | Research | Horse Collar |
| 13:06 | Build | House |
| 13:06 | Build | House |
| 13:10 | Create | Villager (Male) |
| 13:32 | Create | Villager (Male) |
| 13:53 | Build | Farm |
| 13:54 | Build | Farm |
| 14:01 | Age | Castle Age |
| 14:03 | Build | Town Center |
| 14:06 | Create | Villager (Male) |
| 14:06 | Create | Villager (Male) |
| 14:08 | Build | Town Center |
| 14:20 | Create | Villager (Male) |
| 14:25 | Build | House |
| 14:26 | Build | House |
| 14:28 | Create | Villager (Male) |
| 14:39 | Build | Town Center |
| 14:45 | Research | Bow Saw |
| 14:49 | Build | Farm |
| 14:49 | Build | Farm |
| 15:30 | Create | Villager (Male) |
| 15:33 | Build | House |
| 15:36 | Create | Villager (Male) |
| 15:36 | Create | Villager (Male) |
| 15:40 | Build | Farm |
| 15:42 | Build | Farm |
| 15:43 | Build | Farm |
| 15:53 | Create | Villager (Male) |
| 16:02 | Create | Villager (Male) |
| 16:02 | Create | Villager (Male) |
| 16:05 | Create | Villager (Male) |
| 16:05 | Create | Villager (Male) |
| 16:06 | Build | Farm |
| 16:07 | Build | Farm |
| 16:07 | Build | Farm |
| 16:07 | Build | Farm |
| 16:18 | Build | Farm |
| 16:25 | Build | Farm |
| 16:26 | Create | Villager (Male) |
| 16:28 | Build | House |
| 16:39 | Build | Farm |
| 16:39 | Create | Villager (Male) |
| 16:40 | Create | Villager (Male) |
| 16:47 | Build | Farm |
| 16:57 | Create | Villager (Male) |
| 16:57 | Create | Villager (Male) |
| 16:57 | Create | Villager (Male) |
| 17:00 | Build | Farm |
| 17:00 | Build | Farm |
| 17:03 | Create | Villager (Male) |
| 17:03 | Create | Villager (Male) |
| 17:19 | Create | Villager (Male) |
| 17:20 | Create | Villager (Male) |
| 17:20 | Create | Villager (Male) |
| 17:20 | Create | Villager (Male) |
| 17:36 | Create | Villager (Male) |
| 17:36 | Create | Villager (Male) |
| 17:38 | Build | Town Center |
| 17:43 | Create | Villager (Male) |
| 17:46 | Build | Farm |
| 17:47 | Build | Farm |
| 17:57 | Create | Villager (Male) |
| 17:58 | Create | Villager (Male) |
| 17:58 | Create | Villager (Male) |
| 17:59 | Build | Farm |
| 18:00 | Build | Farm |
| 18:18 | Create | Villager (Male) |
| 18:18 | Create | Villager (Male) |
| 18:18 | Create | Villager (Male) |
| 18:24 | Create | Villager (Male) |
| 18:24 | Create | Villager (Male) |
| 18:25 | Create | Villager (Male) |
| 18:27 | Build | Farm |
| 18:27 | Build | Farm |
| 18:33 | Build | Farm |
| 18:33 | Build | Farm |
| 18:33 | Build | Farm |
| 18:39 | Build | Farm |
| 18:40 | Create | Villager (Male) |
| 18:40 | Create | Villager (Male) |
| 18:40 | Create | Villager (Male) |
| 18:41 | Create | Villager (Male) |
| 18:53 | Build | Farm |
| 18:53 | Build | Farm |
| 18:58 | Create | Villager (Male) |
| 18:58 | Create | Villager (Male) |
| 18:58 | Create | Villager (Male) |
| 18:59 | Create | Villager (Male) |
| 18:59 | Create | Villager (Male) |
| 19:08 | Build | Mining Camp |
Match timeline
| 10:31 | Kevin10_7414 · age_up feudal |
| 10:32 | pienus23 · age_up feudal |
| 10:39 | hanson013 · age_up feudal |
| 10:56 | Eddie29_1314 · age_up feudal |
| 11:19 | Ace · age_up feudal |
| 11:20 | Scogx · age_up feudal |
| 11:23 | Didi · age_up feudal |
| 12:11 | 口古口古嘎嘎 · age_up feudal |
| 14:01 | Kevin10_7414 · age_up castle |
| 14:02 | pienus23 · age_up castle |
| 14:15 | hanson013 · age_up castle |
| 14:40 | Eddie29_1314 · age_up castle |
| 14:49 | Ace · age_up castle |
| 14:50 | Scogx · age_up castle |
| 14:55 | Eddie29_1314 · first_building Castle |
| 15:01 | Scogx · first_building Siege Workshop |
| 15:04 | pienus23 · first_market_buy 100 wood |
| 15:05 | hanson013 · first_building Castle |
| 15:06 | Eddie29_1314 · first_building Siege Workshop |
| 15:12 | Didi · age_up castle |
| 15:28 | Didi · first_building Castle |
| 15:28 | Ace · first_building Monastery |
| 15:57 | 口古口古嘎嘎 · age_up castle |
| 16:04 | hanson013 · wall_segment Palisade Wall x1 |
| 16:05 | Scogx · wall_segment Stone Wall x1 |
| 16:06 | hanson013 · wall_segment Palisade Wall x1 |
| 16:07 | hanson013 · wall_segment Palisade Wall x1 |
| 16:16 | Scogx · wall_segment Stone Wall x3 |
| 16:19 | Eddie29_1314 · wall_segment Stone Wall x5 |
| 16:32 | Scogx · wall_segment Stone Wall x7 |
| 16:52 | Scogx · wall_segment Stone Wall x3 |
| 16:57 | hanson013 · first_building Siege Workshop |
| 17:03 | 口古口古嘎嘎 · first_market_buy 100 wood |
| 17:04 | Didi · first_building Monastery |
| 17:25 | Kevin10_7414 · first_market_buy 100 stone |
| 17:27 | Didi · first_building Siege Workshop |
| 18:20 | Eddie29_1314 · first_market_buy 100 food |
| 18:43 | Scogx · first_market_buy 100 food |
| 18:55 | Eddie29_1314 · wall_segment Stone Wall x4 |
| 19:04 | Scogx · wall_segment Stone Wall x6 |
| 19:37 | Kevin10_7414 · first_building Monastery |
| 19:50 | Kevin10_7414 · first_building Siege Workshop |
| 20:07 | Didi · first_market_sell 500 wood |
| 20:10 | Didi · first_market_buy 500 food |
| 20:44 | Scogx · wall_segment Stone Wall x2 |
| 20:48 | Ace · first_market_buy 100 stone |
| 20:52 | Eddie29_1314 · first_market_sell 100 wood |
| 20:57 | pienus23 · tribute_sent a jugador 1 |
| 20:57 | pienus23 · tribute_sent a jugador 2 |
| 20:57 | pienus23 · tribute_sent a jugador 4 |
| 20:57 | pienus23 · tribute_sent a jugador 5 |
| 20:57 | pienus23 · tribute_sent a jugador 6 |
| 20:57 | pienus23 · tribute_sent a jugador 7 |
| 20:57 | pienus23 · tribute_sent a jugador 8 |
| 21:18 | Scogx · wall_segment Stone Wall x2 |
| 21:30 | Ace · first_building Barracks |
| 21:45 | pienus23 · tribute_sent a jugador 1 |
| 21:45 | pienus23 · tribute_sent a jugador 2 |
| 21:45 | pienus23 · tribute_sent a jugador 4 |
| 21:45 | pienus23 · tribute_sent a jugador 5 |
| 21:45 | pienus23 · tribute_sent a jugador 6 |
| 21:45 | pienus23 · tribute_sent a jugador 7 |
| 21:45 | pienus23 · tribute_sent a jugador 8 |
| 22:00 | Eddie29_1314 · first_building Monastery |
| 22:35 | Ace · first_building Siege Workshop |
| 22:58 | Scogx · first_building Castle |
| 23:01 | pienus23 · first_building Barracks |
| 23:29 | Ace · first_market_sell 100 food |
| 23:54 | hanson013 · first_market_sell 500 stone |
| 23:57 | hanson013 · first_market_buy 100 food |
| 24:01 | 口古口古嘎嘎 · first_building Monastery |
| 24:09 | Scogx · first_market_sell 100 wood |
| 24:11 | Kevin10_7414 · first_building Barracks |
| 24:19 | Eddie29_1314 · age_up imperial |
| 24:26 | Scogx · wall_segment Stone Wall x1 |
| 24:52 | Eddie29_1314 · wall_segment Stone Wall x3 |
| 24:53 | Didi · age_up imperial |
| 25:05 | 口古口古嘎嘎 · first_building Castle |
| 25:12 | pienus23 · first_market_sell 100 food |
| 25:18 | pienus23 · first_building Monastery |
| 25:26 | Kevin10_7414 · first_building Castle |
| 25:29 | Scogx · wall_segment Stone Wall x3 |
| 25:32 | Ace · first_building Stable |
| 25:33 | 口古口古嘎嘎 · first_building Barracks |
| 26:01 | Kevin10_7414 · first_building Stable |
| 26:24 | Kevin10_7414 · first_building Archery Range |
| 26:32 | 口古口古嘎嘎 · first_market_sell 100 wood |
| 26:35 | pienus23 · first_building Castle |
| 26:48 | Ace · age_up imperial |
| 26:51 | 口古口古嘎嘎 · first_building Stable |
| 27:10 | Ace · first_building Castle |
| 27:31 | Scogx · age_up imperial |
| 28:38 | Kevin10_7414 · age_up imperial |
| 28:50 | Kevin10_7414 · first_market_sell 100 food |
| 28:55 | 口古口古嘎嘎 · first_building Siege Workshop |
| 28:58 | pienus23 · age_up imperial |
| 29:29 | hanson013 · age_up imperial |
| 29:44 | 口古口古嘎嘎 · age_up imperial |
| 29:47 | Eddie29_1314 · wall_segment Stone Wall x1 |
| 29:49 | pienus23 · first_building Archery Range |
| 30:07 | Eddie29_1314 · wall_segment Stone Wall x1 |
| 30:50 | Eddie29_1314 · wall_segment Stone Wall x1 |
| 31:13 | hanson013 · wall_segment Stone Wall x7 |
| 31:58 | hanson013 · wall_segment Stone Wall x22 |
| 32:05 | hanson013 · wall_segment Stone Wall x1 |
| 32:06 | Scogx · first_building Barracks |
| 32:07 | hanson013 · wall_segment Stone Wall x9 |
| 32:16 | hanson013 · wall_segment Stone Wall x1 |
| 32:31 | Scogx · first_building Archery Range |
| 32:40 | hanson013 · wall_segment Stone Wall x2 |
| 32:51 | Scogx · wall_segment Stone Wall x5 |
| 33:36 | pienus23 · first_building Siege Workshop |
| 34:32 | hanson013 · first_building Barracks |
| 35:52 | Didi · first_building Barracks |
| 37:27 | Ace · wall_segment Stone Wall x11 |
| 37:30 | Ace · wall_segment Stone Wall x1 |
| 37:38 | pienus23 · tribute_sent a jugador 1 |
| 37:38 | pienus23 · tribute_sent a jugador 2 |
| 37:38 | pienus23 · tribute_sent a jugador 4 |
| 37:38 | pienus23 · tribute_sent a jugador 5 |
| 37:38 | pienus23 · tribute_sent a jugador 6 |
| 37:38 | pienus23 · tribute_sent a jugador 7 |
| 37:39 | pienus23 · tribute_sent a jugador 8 |
| 38:05 | Ace · wall_segment Stone Wall x1 |
| 38:54 | Eddie29_1314 · first_building Barracks |
| 39:39 | hanson013 · first_building Archery Range |
| 40:01 | Scogx · first_building Monastery |
| 42:26 | hanson013 · tribute_sent a jugador 1 |
| 42:26 | hanson013 · tribute_sent a jugador 2 |
| 42:26 | hanson013 · tribute_sent a jugador 3 |
| 42:26 | hanson013 · tribute_sent a jugador 5 |
| 42:26 | hanson013 · tribute_sent a jugador 6 |
| 42:26 | hanson013 · tribute_sent a jugador 7 |
| 42:26 | hanson013 · tribute_sent a jugador 8 |
| 42:27 | pienus23 · tribute_sent a jugador 1 |
| 42:27 | pienus23 · tribute_sent a jugador 2 |
| 42:27 | pienus23 · tribute_sent a jugador 4 |
| 42:27 | pienus23 · tribute_sent a jugador 5 |
| 42:27 | pienus23 · tribute_sent a jugador 6 |
| 42:27 | pienus23 · tribute_sent a jugador 7 |
| 42:27 | pienus23 · tribute_sent a jugador 8 |
| 43:16 | Ace · wall_segment Stone Wall x13 |
| 45:42 | hanson013 · tribute_sent a jugador 1 |
| 45:42 | hanson013 · tribute_sent a jugador 2 |
| 45:42 | hanson013 · tribute_sent a jugador 3 |
| 45:42 | hanson013 · tribute_sent a jugador 5 |
| 45:42 | hanson013 · tribute_sent a jugador 6 |
| 45:42 | hanson013 · tribute_sent a jugador 7 |
| 45:42 | hanson013 · tribute_sent a jugador 8 |
| 45:44 | Eddie29_1314 · wall_segment Stone Wall x1 |
| 45:46 | Eddie29_1314 · wall_segment Stone Wall x1 |
| 46:10 | hanson013 · tribute_sent a jugador 1 |
| 46:10 | hanson013 · tribute_sent a jugador 2 |
| 46:10 | hanson013 · tribute_sent a jugador 3 |
| 46:10 | hanson013 · tribute_sent a jugador 5 |
| 46:10 | hanson013 · tribute_sent a jugador 6 |
| 46:10 | hanson013 · tribute_sent a jugador 7 |
| 46:10 | hanson013 · tribute_sent a jugador 8 |
| 46:34 | Kevin10_7414 · tribute_sent a jugador 1 |
| 46:34 | Kevin10_7414 · tribute_sent a jugador 2 |
| 46:34 | Kevin10_7414 · tribute_sent a jugador 3 |
| 46:34 | Kevin10_7414 · tribute_sent a jugador 4 |
| 46:34 | Kevin10_7414 · tribute_sent a jugador 5 |
| 46:34 | Kevin10_7414 · tribute_sent a jugador 6 |
| 46:34 | Kevin10_7414 · tribute_sent a jugador 7 |
| 48:07 | pienus23 · first_building Stable |
| 49:33 | Eddie29_1314 · wall_segment Stone Wall x2 |
| 49:37 | Eddie29_1314 · wall_segment Stone Wall x3 |
| 49:39 | Eddie29_1314 · wall_segment Stone Wall x2 |
| 50:30 | 口古口古嘎嘎 · wall_segment Stone Wall x22 |
| 50:42 | Eddie29_1314 · first_building Archery Range |
| 50:42 | 口古口古嘎嘎 · wall_segment Stone Wall x17 |
| 51:03 | hanson013 · tribute_sent a jugador 1 |
| 51:03 | hanson013 · tribute_sent a jugador 2 |
| 51:03 | hanson013 · tribute_sent a jugador 3 |
| 51:03 | hanson013 · tribute_sent a jugador 5 |
| 51:03 | hanson013 · tribute_sent a jugador 6 |
| 51:03 | hanson013 · tribute_sent a jugador 7 |
| 51:03 | hanson013 · tribute_sent a jugador 8 |
| 51:20 | Ace · wall_segment Stone Wall x30 |
| 53:28 | 口古口古嘎嘎 · wall_segment Stone Wall x4 |
| 53:33 | 口古口古嘎嘎 · wall_segment Stone Wall x17 |
| 53:48 | 口古口古嘎嘎 · wall_segment Stone Wall x6 |
| 56:36 | Kevin10_7414 · wall_segment Stone Wall x8 |
| 57:15 | hanson013 · tribute_sent a jugador 1 |
| 57:15 | hanson013 · tribute_sent a jugador 2 |
| 57:15 | hanson013 · tribute_sent a jugador 3 |
| 57:15 | hanson013 · tribute_sent a jugador 5 |
| 57:15 | hanson013 · tribute_sent a jugador 6 |
| 57:15 | hanson013 · tribute_sent a jugador 7 |
| 57:15 | hanson013 · tribute_sent a jugador 8 |
| 57:39 | Scogx · first_building Stable |
| 58:02 | hanson013 · tribute_sent a jugador 1 |
| 58:02 | hanson013 · tribute_sent a jugador 2 |
| 58:02 | hanson013 · tribute_sent a jugador 3 |
| 58:02 | hanson013 · tribute_sent a jugador 5 |
| 58:02 | hanson013 · tribute_sent a jugador 6 |
| 58:02 | hanson013 · tribute_sent a jugador 7 |
| 58:02 | hanson013 · tribute_sent a jugador 8 |
| 58:12 | hanson013 · tribute_sent a jugador 1 |
| 58:12 | hanson013 · tribute_sent a jugador 2 |
| 58:12 | hanson013 · tribute_sent a jugador 3 |
| 58:12 | hanson013 · tribute_sent a jugador 5 |
| 58:12 | hanson013 · tribute_sent a jugador 6 |
| 58:12 | hanson013 · tribute_sent a jugador 7 |
| 58:12 | hanson013 · tribute_sent a jugador 8 |
| 58:55 | Kevin10_7414 · tribute_sent a jugador 1 |
| 58:55 | Kevin10_7414 · tribute_sent a jugador 2 |
| 58:55 | Kevin10_7414 · tribute_sent a jugador 3 |
| 58:55 | Kevin10_7414 · tribute_sent a jugador 4 |
| 58:55 | Kevin10_7414 · tribute_sent a jugador 5 |
| 58:55 | Kevin10_7414 · tribute_sent a jugador 6 |
| 58:55 | Kevin10_7414 · tribute_sent a jugador 7 |
| 59:19 | Didi · tribute_sent a jugador 1 |
| 59:19 | Didi · tribute_sent a jugador 2 |
| 59:19 | Didi · tribute_sent a jugador 3 |
| 59:19 | Didi · tribute_sent a jugador 4 |
| 59:19 | Didi · tribute_sent a jugador 6 |
| 59:19 | Didi · tribute_sent a jugador 7 |
| 59:19 | Didi · tribute_sent a jugador 8 |
| 59:24 | Didi · tribute_sent a jugador 1 |
| 59:24 | Didi · tribute_sent a jugador 2 |
| 59:24 | Didi · tribute_sent a jugador 3 |
| 59:24 | Didi · tribute_sent a jugador 4 |
| 59:24 | Didi · tribute_sent a jugador 6 |
| 59:24 | Didi · tribute_sent a jugador 7 |
| 59:24 | Didi · tribute_sent a jugador 8 |
| 60:34 | hanson013 · tribute_sent a jugador 1 |
| 60:34 | hanson013 · tribute_sent a jugador 2 |
| 60:34 | hanson013 · tribute_sent a jugador 3 |
| 60:34 | hanson013 · tribute_sent a jugador 5 |
| 60:34 | hanson013 · tribute_sent a jugador 6 |
| 60:34 | hanson013 · tribute_sent a jugador 7 |
| 60:34 | hanson013 · tribute_sent a jugador 8 |
| 61:18 | Kevin10_7414 · wall_segment Stone Wall x4 |
| 61:42 | Kevin10_7414 · wall_segment Stone Wall x3 |
| 63:58 | hanson013 · tribute_sent a jugador 1 |
| 63:58 | hanson013 · tribute_sent a jugador 2 |
| 63:58 | hanson013 · tribute_sent a jugador 3 |
| 63:58 | hanson013 · tribute_sent a jugador 5 |
| 63:58 | hanson013 · tribute_sent a jugador 6 |
| 63:58 | hanson013 · tribute_sent a jugador 7 |
| 63:58 | hanson013 · tribute_sent a jugador 8 |
| 64:25 | hanson013 · tribute_sent a jugador 1 |
| 64:25 | hanson013 · tribute_sent a jugador 2 |
| 64:25 | hanson013 · tribute_sent a jugador 3 |
| 64:25 | hanson013 · tribute_sent a jugador 5 |
| 64:25 | hanson013 · tribute_sent a jugador 6 |
| 64:25 | hanson013 · tribute_sent a jugador 7 |
| 64:25 | hanson013 · tribute_sent a jugador 8 |
| 66:25 | Eddie29_1314 · first_building Stable |
| 67:16 | Scogx · wall_segment Stone Wall x4 |
| 68:09 | Didi · wall_segment Stone Wall x1 |
| 68:11 | Didi · wall_segment Stone Wall x1 |
| 68:56 | Eddie29_1314 · tribute_sent a jugador 1 |
| 68:56 | Eddie29_1314 · tribute_sent a jugador 2 |
| 68:56 | Eddie29_1314 · tribute_sent a jugador 3 |
| 68:56 | Eddie29_1314 · tribute_sent a jugador 4 |
| 68:56 | Eddie29_1314 · tribute_sent a jugador 5 |
| 68:56 | Eddie29_1314 · tribute_sent a jugador 7 |
| 68:56 | Eddie29_1314 · tribute_sent a jugador 8 |
| 68:57 | Ace · tribute_sent a jugador 1 |
| 68:57 | Ace · tribute_sent a jugador 3 |
| 68:57 | Ace · tribute_sent a jugador 4 |
| 68:57 | Ace · tribute_sent a jugador 5 |
| 68:57 | Ace · tribute_sent a jugador 6 |
| 68:57 | Ace · tribute_sent a jugador 7 |
| 68:57 | Ace · tribute_sent a jugador 8 |
| 72:36 | Kevin10_7414 · tribute_sent a jugador 1 |
| 72:36 | Kevin10_7414 · tribute_sent a jugador 2 |
| 72:36 | Kevin10_7414 · tribute_sent a jugador 3 |
| 72:36 | Kevin10_7414 · tribute_sent a jugador 4 |
| 72:36 | Kevin10_7414 · tribute_sent a jugador 5 |
| 72:36 | Kevin10_7414 · tribute_sent a jugador 6 |
| 72:36 | Kevin10_7414 · tribute_sent a jugador 7 |
| 74:20 | Scogx · wall_segment Stone Wall x1 |
| 74:37 | Kevin10_7414 · tribute_sent a jugador 1 |
| 74:37 | Kevin10_7414 · tribute_sent a jugador 2 |
| 74:37 | Kevin10_7414 · tribute_sent a jugador 3 |
| 74:37 | Kevin10_7414 · tribute_sent a jugador 4 |
| 74:37 | Kevin10_7414 · tribute_sent a jugador 5 |
| 74:37 | Kevin10_7414 · tribute_sent a jugador 6 |
| 74:37 | Kevin10_7414 · tribute_sent a jugador 7 |
| 74:39 | Ace · tribute_sent a jugador 1 |
| 74:39 | Ace · tribute_sent a jugador 3 |
| 74:39 | Ace · tribute_sent a jugador 4 |
| 74:39 | Ace · tribute_sent a jugador 5 |
| 74:39 | Ace · tribute_sent a jugador 6 |
| 74:39 | Ace · tribute_sent a jugador 7 |
| 74:39 | Ace · tribute_sent a jugador 8 |
| 74:40 | Eddie29_1314 · tribute_sent a jugador 1 |
| 74:40 | Eddie29_1314 · tribute_sent a jugador 2 |
| 74:40 | Eddie29_1314 · tribute_sent a jugador 3 |
| 74:40 | Eddie29_1314 · tribute_sent a jugador 4 |
| 74:40 | Eddie29_1314 · tribute_sent a jugador 5 |
| 74:40 | Eddie29_1314 · tribute_sent a jugador 7 |
| 74:40 | Eddie29_1314 · tribute_sent a jugador 8 |
| 75:07 | Kevin10_7414 · tribute_sent a jugador 1 |
| 75:07 | Kevin10_7414 · tribute_sent a jugador 2 |
| 75:07 | Kevin10_7414 · tribute_sent a jugador 3 |
| 75:07 | Kevin10_7414 · tribute_sent a jugador 4 |
| 75:07 | Kevin10_7414 · tribute_sent a jugador 5 |
| 75:07 | Kevin10_7414 · tribute_sent a jugador 6 |
| 75:07 | Kevin10_7414 · tribute_sent a jugador 7 |
| 77:20 | hanson013 · wall_segment Stone Wall x2 |
| 78:05 | hanson013 · wall_segment Stone Wall x6 |
| 80:01 | hanson013 · wall_segment Stone Wall x1 |
| 80:46 | hanson013 · wall_segment Stone Wall x4 |
| 81:00 | hanson013 · wall_segment Stone Wall x8 |
| 82:24 | Eddie29_1314 · tribute_sent a jugador 1 |
| 82:24 | Eddie29_1314 · tribute_sent a jugador 2 |
| 82:24 | Eddie29_1314 · tribute_sent a jugador 3 |
| 82:24 | Eddie29_1314 · tribute_sent a jugador 4 |
| 82:25 | Eddie29_1314 · tribute_sent a jugador 5 |
| 82:25 | Eddie29_1314 · tribute_sent a jugador 7 |
| 82:25 | Eddie29_1314 · tribute_sent a jugador 8 |
| 84:21 | hanson013 · wall_segment Stone Wall x4 |
| 84:34 | 口古口古嘎嘎 · first_building Archery Range |
| 85:43 | hanson013 · wall_segment Stone Wall x1 |
| 86:07 | Eddie29_1314 · tribute_sent a jugador 1 |
| 86:07 | Eddie29_1314 · tribute_sent a jugador 2 |
| 86:07 | Eddie29_1314 · tribute_sent a jugador 3 |
| 86:07 | Eddie29_1314 · tribute_sent a jugador 4 |
| 86:07 | Eddie29_1314 · tribute_sent a jugador 5 |
| 86:07 | Eddie29_1314 · tribute_sent a jugador 7 |
| 86:07 | Eddie29_1314 · tribute_sent a jugador 8 |
| 86:07 | Ace · tribute_sent a jugador 1 |
| 86:07 | Ace · tribute_sent a jugador 3 |
| 86:07 | Ace · tribute_sent a jugador 4 |
| 86:07 | Ace · tribute_sent a jugador 5 |
| 86:07 | Ace · tribute_sent a jugador 6 |
| 86:07 | Ace · tribute_sent a jugador 7 |
| 86:07 | Ace · tribute_sent a jugador 8 |
| 86:26 | Eddie29_1314 · tribute_sent a jugador 1 |
| 86:26 | Eddie29_1314 · tribute_sent a jugador 2 |
| 86:26 | Eddie29_1314 · tribute_sent a jugador 3 |
| 86:26 | Eddie29_1314 · tribute_sent a jugador 4 |
| 86:26 | Eddie29_1314 · tribute_sent a jugador 5 |
| 86:26 | Eddie29_1314 · tribute_sent a jugador 7 |
| 86:26 | Eddie29_1314 · tribute_sent a jugador 8 |
| 87:28 | hanson013 · tribute_sent a jugador 1 |
| 87:28 | hanson013 · tribute_sent a jugador 2 |
| 87:28 | hanson013 · tribute_sent a jugador 3 |
| 87:28 | hanson013 · tribute_sent a jugador 5 |
| 87:28 | hanson013 · tribute_sent a jugador 6 |
| 87:28 | hanson013 · tribute_sent a jugador 7 |
| 87:28 | hanson013 · tribute_sent a jugador 8 |
| 91:13 | Eddie29_1314 · wall_segment Stone Wall x1 |
| 92:20 | Eddie29_1314 · wall_segment Stone Wall x7 |
| 93:56 | hanson013 · tribute_sent a jugador 1 |
| 93:56 | hanson013 · tribute_sent a jugador 2 |
| 93:56 | hanson013 · tribute_sent a jugador 3 |
| 93:56 | hanson013 · tribute_sent a jugador 5 |
| 93:56 | hanson013 · tribute_sent a jugador 6 |
| 93:56 | hanson013 · tribute_sent a jugador 7 |
| 93:56 | hanson013 · tribute_sent a jugador 8 |
| 94:00 | Eddie29_1314 · tribute_sent a jugador 1 |
| 94:00 | Eddie29_1314 · tribute_sent a jugador 2 |
| 94:00 | Eddie29_1314 · tribute_sent a jugador 3 |
| 94:00 | Eddie29_1314 · tribute_sent a jugador 4 |
| 94:00 | Eddie29_1314 · tribute_sent a jugador 5 |
| 94:00 | Eddie29_1314 · tribute_sent a jugador 7 |
| 94:00 | Eddie29_1314 · tribute_sent a jugador 8 |
| 94:21 | Eddie29_1314 · wall_segment Stone Wall x6 |
| 95:09 | 口古口古嘎嘎 · tribute_sent a jugador 1 |
| 95:09 | 口古口古嘎嘎 · tribute_sent a jugador 2 |
| 95:09 | 口古口古嘎嘎 · tribute_sent a jugador 3 |
| 95:09 | 口古口古嘎嘎 · tribute_sent a jugador 4 |
| 95:09 | 口古口古嘎嘎 · tribute_sent a jugador 5 |
| 95:09 | 口古口古嘎嘎 · tribute_sent a jugador 6 |
| 95:09 | 口古口古嘎嘎 · tribute_sent a jugador 8 |
| 95:10 | pienus23 · tribute_sent a jugador 1 |
| 95:10 | pienus23 · tribute_sent a jugador 2 |
| 95:10 | pienus23 · tribute_sent a jugador 4 |
| 95:10 | pienus23 · tribute_sent a jugador 5 |
| 95:10 | pienus23 · tribute_sent a jugador 6 |
| 95:10 | pienus23 · tribute_sent a jugador 7 |
| 95:10 | pienus23 · tribute_sent a jugador 8 |
| 95:19 | Kevin10_7414 · wall_segment Stone Wall x4 |
| 95:51 | Ace · tribute_sent a jugador 1 |
| 95:51 | Ace · tribute_sent a jugador 3 |
| 95:51 | Ace · tribute_sent a jugador 4 |
| 95:51 | Ace · tribute_sent a jugador 5 |
| 95:51 | Ace · tribute_sent a jugador 6 |
| 95:51 | Ace · tribute_sent a jugador 7 |
| 95:51 | Ace · tribute_sent a jugador 8 |
| 95:52 | Eddie29_1314 · tribute_sent a jugador 1 |
| 95:52 | Eddie29_1314 · tribute_sent a jugador 2 |
| 95:52 | Eddie29_1314 · tribute_sent a jugador 3 |
| 95:52 | Eddie29_1314 · tribute_sent a jugador 4 |
| 95:52 | Eddie29_1314 · tribute_sent a jugador 5 |
| 95:52 | Eddie29_1314 · tribute_sent a jugador 7 |
| 95:52 | Eddie29_1314 · tribute_sent a jugador 8 |
| 96:10 | Ace · tribute_sent a jugador 1 |
| 96:10 | Ace · tribute_sent a jugador 3 |
| 96:10 | Ace · tribute_sent a jugador 4 |
| 96:10 | Ace · tribute_sent a jugador 5 |
| 96:10 | Ace · tribute_sent a jugador 6 |
| 96:10 | Ace · tribute_sent a jugador 7 |
| 96:10 | Ace · tribute_sent a jugador 8 |
| 97:06 | hanson013 · wall_segment Stone Wall x1 |
| 98:14 | Ace · tribute_sent a jugador 1 |
| 98:14 | Ace · tribute_sent a jugador 3 |
| 98:14 | Ace · tribute_sent a jugador 4 |
| 98:14 | Ace · tribute_sent a jugador 5 |
| 98:14 | Ace · tribute_sent a jugador 6 |
| 98:14 | Ace · tribute_sent a jugador 7 |
| 98:14 | Ace · tribute_sent a jugador 8 |
| 99:30 | Scogx · tribute_sent a jugador 2 |
| 99:30 | Scogx · tribute_sent a jugador 3 |
| 99:30 | Scogx · tribute_sent a jugador 4 |
| 99:30 | Scogx · tribute_sent a jugador 5 |
| 99:30 | Scogx · tribute_sent a jugador 6 |
| 99:30 | Scogx · tribute_sent a jugador 7 |
| 99:30 | Scogx · tribute_sent a jugador 8 |
| 99:50 | hanson013 · resign |
[ AI ANALYSIS · 1 CREDIT ]
What really happened in this match?
Wolo.gg analyzes every decision: build order, eco, micro, common mistakes by bracket. Personalized analysis on WhatsApp or Discord in 30 seconds.
Civ guide
Gurjaras
Perfil
口古口古嘎嘎